 Dungeon Crawl Stone Soup version 0.24-a0-342-gad4687c37d (webtiles) character file.

Game seed: 4886935097408573766

32 mhoghedin the Bolt Thrower (level 3, -6/27 HPs)
             Began as a Mummy Hunter on May 21, 2019.
             Mangled by Terence
             ... wielding a +0 flail
              (7 damage)
             ... on level 2 of the Dungeon.
             The game lasted 00:01:49 (1543 turns).

mhoghedin the Bolt Thrower (Mummy Hunter)           Turns: 1543, Time: 00:01:49

Health: -6/27      AC:  3    Str: 16    XL:     3   Next: 8%
Magic:  3/3        EV: 11    Int: 10    God:
Gold:   71         SH:  0    Dex: 12    Spells: 2/2 levels left

rFire    x . .     SeeInvis .   a - +1 hand crossbow
rCold    + . .     Gourm    .   (no shield)
rNeg     + + +     Faith    .   c - +0 leather armour
rPois    ∞         Spirit   .   (no helmet)
rElec    .         Reflect  .   (no cloak)
rCorr    .         Harm     .   (no gloves)
MR       .....                  (no boots)
Stlth    +.........             (no amulet)
HPRegen  0.09/turn              (no ring)
MPRegen  0.08/turn              (no ring)

@: no status effects
A: no food or potions, fire vulnerability, cold resistance 1, negative energy
resistance 3, torment resistance, unbreathing
a: no special abilities


You were on level 2 of the Dungeon.
You were not hungry.

You visited 1 branch of the dungeon, and saw 2 of its levels.

You collected 71 gold pieces.

Inventory:

Hand Weapons
 a - a +1 hand crossbow (weapon)
 b - a +3 whip
   (You found it on level 1 of the Dungeon)
Missiles
 d - 10 bolts (quivered)
Armour
 c - a +0 leather armour (worn)
Jewellery
 h - a +2 ring of protection {unknown}
   (You found it on level 1 of the Dungeon)
Scrolls
 e - a scroll of enchant armour {unknown}
 f - 4 scrolls of identify {unknown}
 g - a scroll of magic mapping {unknown}


   Skills:
 - Level 2.0 Fighting
 + Level 4.1 Crossbows
 - Level 1.5 Dodging
 - Level 0.7 Stealth


You had 2 spell levels left.
You didn't know any spells.
Your spell library was empty.

Dungeon Overview and Level Annotations

Branches:
Dungeon (2/15)

Altars:

Annotations:
D:2 Terence


Innate Abilities, Weirdness & Mutations

You do not eat or drink.
Your flesh is vulnerable to fire.
You are immune to poison.
Your flesh is cold resistant. (rC+)
You are immune to negative energy. (rN+++)
You are immune to unholy pain and torment.
You can survive without breathing.


Message History

You take 1 damage, and have 12/27 hp.
Firing (i - inventory)
d - 16 bolts (quivered)
Aim: a bat You shoot a bolt.
The bolt misses the bat.
The bat closely misses you. x2
b - a +0 short sword (weapon)
The bat misses you.
You barely miss the bat. The bat hits you but does no damage.
The bat hits you but does no damage. The bat hits you.
You take 1 damage, and have 12/27 hp.
Wield which item (- for none, * to show all)? (? for menu, Esc to quit)
i - a +3 whip (weapon)
Adjust to which letter? (? for menu, Esc to quit)
b - a +3 whip (weapon);
i - a +0 short sword You drop a +0 short sword.
The bat hits you but does no damage.
You are too injured to fight recklessly!
The bat hits you.
You take 1 damage, and have 11/27 hp.
You hit the bat.
You kill the bat!
d - 16 bolts (gained 1)
Things that are here:
a bat corpse; a worm corpse You see here a +0 short sword.
You start resting.
Health restored: 27 You see here a +0 short sword.
Things that are here:
a bat corpse; a worm corpse
d - 17 bolts (gained 1) Terence the Incautious comes into view.
He is wielding a +0 flail.
Found a stone staircase leading down.
a - a +1 hand crossbow (weapon)
Terence shouts!
Firing (i - inventory)
d - 17 bolts (quivered)
Aim: Terence, wielding a +0 flail and wearing a +0 chain mail You shoot a bolt.
The bolt barely misses Terence.
Firing (i - inventory)
d - 16 bolts (quivered)
Aim: Terence, wielding a +0 flail and wearing a +0 chain mail You shoot a bolt.
The bolt barely misses Terence.
Firing (i - inventory)
d - 15 bolts (quivered)
Aim: Terence, wielding a +0 flail and wearing a +0 chain mail You shoot a bolt.
The bolt barely misses Terence.
b - a +3 whip (weapon)
Terence hits you but does no damage.
You hit Terence. You barely miss Terence. Terence closely misses you.
You hit Terence but do no damage. Terence screams, "I want your blood!"
Terence misses you.
You hit Terence. Terence hits you with a +0 flail.
You take 3 damage, and have 24/27 hp.
You barely miss Terence. Terence hits you with a +0 flail!
You take 6 damage, and have 18/27 hp.
MASSIVE DAMAGE!!
You completely miss Terence. Terence looks scornfully at you.
Terence barely misses you.
You closely miss Terence. Terence misses you.
You barely miss Terence. Terence hits you with a +0 flail.
You take 4 damage, and have 14/27 hp.
Unknown command.
You hit Terence but do no damage. Terence hits you with a +0 flail.
* * * LOW HITPOINT WARNING * * *
You take 6 damage, and have 8/27 hp.
MASSIVE DAMAGE!!
You see here 18 arrows.
Firing (i - inventory) No suitable missiles.
Aim: Terence, wielding a +0 flail and wearing a +0 chain mail (moderately wounded)
Okay, then.
Firing (i - inventory) No suitable missiles.
Aim: Terence, wielding a +0 flail and wearing a +0 chain mail (moderately wounded)
Okay, then.
a - a +1 hand crossbow (weapon)
Firing (i - inventory)
d - 14 bolts (quivered)
Aim: Terence, wielding a +0 flail and wearing a +0 chain mail (moderately wounded)
You shoot a bolt.
The bolt hits Terence but does no damage.
Terence closely misses you.
Firing (i - inventory)
d - 13 bolts (quivered)
Aim: Terence, wielding a +0 flail and wearing a +0 chain mail (moderately wounded)
You shoot a bolt.
The bolt hits Terence but does no damage.
Terence closely misses you.
Firing (i - inventory)
d - 12 bolts (quivered)
Aim: Terence, wielding a +0 flail and wearing a +0 chain mail (moderately wounded)
You shoot a bolt.
The bolt hits Terence but does no damage.
Terence hits you with a +0 flail.
* * * LOW HITPOINT WARNING * * *
Terence hits you with a +0 flail.
* * * LOW HITPOINT WARNING * * *
You take 8 damage, and have 1/27 hp.
MASSIVE DAMAGE!!
Firing (i - inventory)
d - 11 bolts (quivered)
Aim: Terence, wielding a +0 flail and wearing a +0 chain mail (moderately wounded)
You shoot a bolt.
The bolt hits Terence but does no damage.
Terence hits you with a +0 flail!
You die...

#.
######.########
.........(.((>.
#..# ##.## .#
#.(# #.# ##.#
#.# #@# #.#
#@## #.#
#..###.###
##.......#
##.......#
#........#
#........#
#....#.###
#....#.#
###+##.#


You could see Terence.

Vanquished Creatures
  A worm (D:2)
  2 dart slugs (D:1)
  A leopard gecko (D:1)
  4 bats
  A giant cockroach (D:1)
  2 goblins (D:1)
  4 hobgoblins
  5 kobolds (D:1)
  2 frilled lizards
  2 rats
24 creatures vanquished.

Notes
Turn   | Place    | Note
-------+----------+-------------------------------------------
     0 | D:1      | mhoghedin the Mummy Hunter began the quest for the Orb.
     0 | D:1      | Reached XP level 1. HP: 16/16 MP: 1/1
   294 | D:1      | Reached XP level 2. HP: 22/22 MP: 2/2
   683 | D:1      | Reached skill level 4 in Crossbows
  1303 | D:2      | Reached XP level 3. HP: 13/27 MP: 3/3
  1519 | D:2      | Noticed Terence
  1542 | D:2      | HP: 3/27 [Terence/+0 flail (6)]
  1542 | D:2      | HP: 1/27 [Terence/+0 flail (2)]
  1543 | D:2      | Mangled by Terence

Levels and vault maps discovered:
D:1:      roderic_dead_forest, layout_basic
D:2:      layout_basic, uniq_terence

Skill      XL: |  1  2 |
---------------+-------+-----
Crossbows      | 4 |  4.1
Fighting       | |  2.0
Dodging        | |  1.5
Stealth        | |  0.7

Action                   || total
-------------------------++-------
Melee: Whip              ||    38
       Short sword       ||     1
 Fire: Hand crossbow     ||    46
Armor: Leather armour    ||    16
Dodge: Dodged            ||    43

Table legend:
 A = Non-vault XP
 B = Vault XP
 C = Vault XP percentage of total XP
 D = Non-vault monster count
 E = Vault monster count
 F = Vault count percentage of total count
                 A         B        C        D         E       F
            +---------+---------+-------+---------+---------+-------
      Total |      46 |       0 |   0.0 |      24 |       0 |   0.0
            +---------+---------+-------+---------+---------+-------
        D:1 |      36 |       0 |   0.0 |      19 |       0 |   0.0
        D:2 |      10 |       0 |   0.0 |       5 |       0 |   0.0
            +---------+---------+-------+---------+---------+-------

Levels and vault maps discovered:
D:1:      roderic_dead_forest, layout_basic
D:2:      layout_basic, uniq_terence

Table legend:
 A = Turns spent in this place as a percentage of turns spent in the entire game.
 B = Non-inter-level travel turns spent in this place as a percentage of non-inter-level travel turns spent in the entire game.
 C = Inter-level travel turns spent in this place as a percentage of turns spent in this place.
 D = Turns resting spent in this place as a percentage of non-inter-level travel turns spent in this place.
 E = Turns spent auto-exploring this place as a percentage of non-inter-level travel turns spent in this place.
 F = Non-inter-level travel turns spent in this place divided by the number of levels of this place that you've seen.
                   A       B       C       D       E      F
               +-------+-------+-------+-------+-------+----------------------
         Total | 100.0 | 100.0 |   0.7 |  34.1 |  51.4 | 766.0
       Dungeon | 100.0 | 100.0 |   0.7 |  34.1 |  51.4 | 766.0
               +-------+-------+-------+-------+-------+----------------------

Table legend:
 A = Kills in this place as a percentage of kills in entire the game.
 B = Kills by you in this place as a percentage of kills by you in the entire game.
 C = Kills by friends in this place as a percentage of kills by friends in the entire game.
 D = Other kills in this place as a percentage of other kills in the entire game.
 E = Experience gained in this place as a percentage of experience gained in the entire game.
 F = Experience gained in this place divided by the number of levels of this place that you have seen.
                   A       B       C       D       E      F
               +-------+-------+-------+-------+-------+----------------------
         Total | 100.0 | 100.0 |   N/A |   N/A | 100.0 |  23.0
       Dungeon | 100.0 | 100.0 |   N/A |   N/A | 100.0 |  23.0
               +-------+-------+-------+-------+-------+----------------------
